 Dungeon Crawl Stone Soup version 0.21.0-3-g78d12a8 (webtiles) character file.

889 JeffiDaFish the Ducker (level 7, 0/36 HPs)
             Began as a Spriggan Hunter on Jan 16, 2018.
             Slain by a big kobold zombie (5 damage)
             ... in an ossuary.
             The game lasted 00:18:08 (7646 turns).

JeffiDaFish the Ducker (Spriggan Hunter)            Turns: 7646, Time: 00:18:08

Health: 0/36       AC:  4    Str:  9    XL:     7   Next: 77%
Magic:  11/11      EV: 21    Int: 12    God:
Gold:   355        SH:  0    Dex: 18    Spells: 8/10 levels left

rFire    . . .     SeeInvis +   k - +2 short sword (drain)
rCold    + . .     Gourm    .   (shield restricted)
rNeg     . . .     Faith    .   c - +2 robe
rPois    .         Spirit   .   (helmet restricted)
rElec    .         Reflect  .   (no cloak)
rCorr    +         Harm     .   (gloves unavailable)
MR       +....                  (boots unavailable)
Stlth    +++.......             (no amulet)
HPRegen  0.12/turn              j - ring of resist corrosion
MPRegen  0.12/turn              (no ring)

@: very slightly contaminated, very quick
A: very small, unfitting armour, see invisible, cold resistance 1, herbivore,
speed 3, slow metabolism 2
a: no special abilities


You were in an ossuary.
You were not hungry.

You visited 1 branch of the dungeon, and saw 7 of its levels.
You also visited: Ossuary.

You collected 355 gold pieces.

Inventory:

Hand Weapons
 a - a +1 shortbow
 k - a +2 short sword of draining (weapon)
 l - a +0 rapier
Missiles
 d - 96 arrows
Armour
 c - a +2 robe (worn)
Jewellery
 j - a ring of resist corrosion (left hand)
Scrolls
 b - 2 scrolls of teleportation
 e - a scroll of amnesia
 g - 3 scrolls of remove curse
 i - 5 scrolls of identify
Potions
 m - 2 potions of invisibility
Books
 h - a book of Maledictions

   Spells                             Type                      Level
   a - Corona                         Hexes                        1
   b - Ensorcelled Hibernation        Hexes/Ice                    2
   c - Confuse                        Hexes                        3
   d - Tukima's Dance                 Hexes                        3
   e - Dazzling Spray                 Conjuration/Hexes            3
Comestibles
 f - 10 rations


   Skills:
 * Level 3.5 Fighting
 * Level 4.1 Short Blades
 - Level 5.6 Bows
 - Level 5.7 Dodging
 - Level 5.4 Stealth
 + Level 2.4 Spellcasting
 + Level 2.5 Hexes
 + Level 1.5 Ice Magic


You had 8 spell levels left.
You knew the following spells:

 Your Spells              Type           Power        Failure   Level  Hunger
a - Ensorcelled Hibernat  Hex/Ice        #.....       17%         2    ###....


Dungeon Overview and Level Annotations

Branches:
Dungeon (7/15)             Temple (0/1) D:5

Altars:
Nemelex Xobeh
Sif Muna
Yredelemnul

Annotations:
D:3 2 transporters, Snack's ghost, amateur FeAK


Innate Abilities, Weirdness & Mutations

You are very small and have problems with some larger weapons.
You are too small for most types of armour.
You have supernaturally acute eyesight. (SInv)
You are a herbivore.
You cover ground extremely quickly.
You need consume almost no food.
Your flesh is cold resistant. (rC+)


Message History

The orc zombie misses you. The big kobold zombie hits you.
* * * LOW HITPOINT WARNING * * *
You hit the big kobold zombie.
The big kobold zombie is lightly damaged.
You hit the big kobold zombie.
The big kobold zombie is lightly damaged.
The big kobold zombie closely misses you.
You hit the big kobold zombie.
The big kobold zombie is moderately damaged.
The big kobold zombie completely misses you.
You hit the big kobold zombie.
The big kobold zombie is heavily damaged.
The big kobold zombie closely misses you.
You hit the big kobold zombie.
The big kobold zombie is heavily damaged.
You hit the big kobold zombie.
The big kobold zombie is severely damaged.
The gnoll zombie misses you. The big kobold zombie hits you.
You die...

#...#
#####.(.#####
#...........#
##.........##
#...........#
##.........##
#...........#
##...Z.....##
#....@......#
##..ZZ.....##
#....Z......#
##....Z....##
#....Z......#
##.........##
#....Z......#
##.........##
#.....∩.....#


You could see 3 goblin zombies, a gnoll zombie, a big kobold zombie, an orc
zombie and a human zombie.

Vanquished Creatures
  A sky beast (D:5)
  2 centaurs (D:5)
  A scorpion (D:6)
  A howler monkey (D:6)
  2 crimson imps
  3 orc priests
  A bullfrog skeleton (D:4)
  An orc wizard (D:3)
  3 worker ants
  An iguana (D:6)
  A hound zombie (D:5)
  2 mummies (Ossuary)
  A gnoll (D:5)
  5 adders
  2 shadow imps (D:6)
  2 oozes
  An adder skeleton (D:4)
  A worm (D:3)
  2 leopard geckos (D:3)
  16 orcs
  6 bats
  5 giant cockroaches
  12 goblins
  11 hobgoblins
  6 jackals
  9 kobolds
  4 quokkas
  A ball python (D:3)
  9 frilled lizards
  2 gnoll zombies (Ossuary)
  A jackal zombie (D:5)
  An orc zombie (Ossuary)
  A quokka skeleton (D:5)
  8 rats
125 creatures vanquished.

Notes
Turn   | Place    | Note
-------+----------+-------------------------------------------
     0 | D:1      | JeffiDaFish the Spriggan Hunter began the quest for the Orb.
     0 | D:1      | Reached XP level 1. HP: 10/10 MP: 2/2
    26 | D:1      | Reached skill level 5 in Bows
   164 | D:1      | Reached XP level 2. HP: 12/14 MP: 3/3
  1404 | D:2      | Reached XP level 3. HP: 12/18 MP: 4/4
  1848 | D:2      | Reached skill level 1 in Short Blades
  2312 | D:2      | Reached XP level 4. HP: 8/23 MP: 5/5
  2629 | D:2      | Learned a level 2 spell: Ensorcelled Hibernation
  3566 | D:3      | Found a transporter.
  3569 | D:3      | Noticed Snack's ghost (amateur FeAK)
  3848 | D:3      | Found a transporter.
  3968 | D:3      | Reached XP level 5. HP: 24/26 MP: 6/6
  4094 | D:3      | Found a sparkling altar of Nemelex Xobeh.
  4193 | D:3      | Reached skill level 5 in Dodging
  4505 | D:4      | Found a deep blue altar of Sif Muna.
  4952 | D:4      | Reached skill level 5 in Stealth
  4973 | D:4      | Reached XP level 6. HP: 20/30 MP: 7/7
  5597 | D:5      | Entered Level 5 of the Dungeon
  5623 | D:5      | Reached skill level 1 in Spellcasting
  5623 | D:5      | Reached skill level 1 in Hexes
  5944 | D:5      | Noticed a sky beast
  5954 | D:5      | Killed a sky beast
  5954 | D:5      | Reached XP level 7. HP: 27/35 MP: 8/10
  5955 | D:5      | Found a staircase to the Ecumenical Temple.
  5982 | D:5      | Reached skill level 1 in Ice Magic
  6508 | D:5      | Found a basalt altar of Yredelemnul.
  7387 | D:6      | Gained mutation: Your flesh is cold resistant. (rC+) [potion of mutation]
  7512 | D:7      | Found a sand-covered staircase.
  7521 | Ossuary  | Entered an ossuary
  7646 | Ossuary  | Slain by a big kobold zombie

Skill      XL: |  1  2  3  4  5  6  7 |
---------------+----------------------+-----
Bows           | 5 |  5.6
Stealth        | 2 3 5 |  5.4
Short Blades   | 1 2 3 4 |  4.1
Dodging        | 4 5 |  5.7
Fighting       | 2 3 |  3.5
Spellcasting   | 1 2 |  2.4
Hexes          | 1 2 |  2.5
Ice Magic      | 1 |  1.5

Action                   |  1- 3 |  4- 6 |  7- 9 || total
-------------------------+-------+-------+-------++-------
Melee: Short sword       |   122 |   212 |   107 ||   441
 Fire: Shortbow          |    48 |    58 |    25 ||   131
  Use: Scroll            |     5 |     5 |     5 ||    15
       Potion            |     4 |     3 |     4 ||    11
 Stab: Sleeping          |     2 |     8 |     3 ||    13
       Distracted        |     1 |     1 |       ||     2
  Eat: Ration            |       |     1 |     1 ||     2
Armor: Robe              |    13 |    13 |     9 ||    35
Dodge: Dodged            |   114 |   196 |   116 ||   426
